 Dungeon Crawl Stone Soup version 0.17-a0-1-g1f4be75 (console) character file.

26 Fusha the Charmwright (level 3, 0/28 HPs)
             Began as a Merfolk Skald on Mar 13, 2015.
             Succumbed to an adder's poison
             ... on level 2 of the Dungeon.
             The game lasted 00:03:36 (1259 turns).

Fusha the Charmwright (Merfolk Skald)               Turns: 1259, Time: 00:03:37

Health: 0/28       AC:  3    Str: 13      XL:     3   Next: 8%
Magic:  6/6        EV: 12    Int:  8 (11) God:
Gold:   67         SH:  0    Dex: 13      Spells: 2 memorised, 3 levels left

rFire  . . .     SeeInvis .     a - +0 falchion
rCold  . . .     Clarity  .     b - +0 leather armour
rNeg   . . .     SustAb   .     (no shield)
rPois  .         Gourm    .     (no helmet)
rElec  .         Spirit   .     (no cloak)
rCorr  .         Warding  .     (no gloves)
rMut   .         Stasis   .     (no boots)
MR     .....                    (no amulet)
Stlth  +.........               (no ring)
                                (no ring)

@: lethally poisoned (0 -> -6), not resistant to hostile enchantments, very
unstealthy
A: change form in water, swift swim
a: no special abilities


You were on level 2 of the Dungeon.
You were not hungry.

You visited 1 branch of the dungeon, and saw 2 of its levels.

You collected 67 gold pieces.

Inventory:

Hand weapons
 a - a +0 falchion (weapon)
Armour
 b - a +0 leather armour (worn)
Magical devices
 i - a wand of confusion (5)
Scrolls
 e - 2 scrolls of recharging {unknown}
 f - 2 scrolls of identify {unknown}
 h - 2 scrolls of enchant armour {unknown}
 j - a scroll of teleportation {unknown}
 k - a scroll of remove curse {unknown}
 l - a scroll of fear {unknown}
 n - a scroll of immolation {unknown}
Books
 c - a book of Battle

   Spells                             Type                      Level
   a - Infusion                       Charms                       1
   b - Shroud of Golubria             Charms/Translocation         2
   c - Song of Slaying                Charms                       2
   d - Spectral Weapon                Hexes/Charms                 3
   e - Regeneration                   Charms/Necromancy            3
Comestibles
 d - a bread ration
 g - 3 meat rations


   Skills:
 + Level 2.4 Fighting
 + Level 2.5 Long Blades
 - Level 0.6 Armour
 + Level 1.8 Dodging
 + Level 2.1 Spellcasting
 + Level 4.0 Charms


You had 3 spell levels left.
You knew the following spells:

 Your Spells              Type           Power        Failure   Level  Hunger
a - Infusion              Chrm           #.....       10%         1    ##.....
b - Song of Slaying       Chrm           #.......     14%         2    ###....


Dungeon Overview and Level Annotations

Branches:
Dungeon (2/15)

Altars:


Message History

The adder bites you.
* * * LOW HITPOINT WARNING * * *
Evoke which item? (* to show all) (? for menu, Esc to quit)
Zapping:
i - a wand of confusion {zapped: 20} (will waste charges)
Press: ? - help, Shift-Dir - straight line, f - adder, p - adder
Aim: an adder (chance 54%)
The adder appears confused.
Evoking this partially-identified wand wasted a few charges.
The adder bites you but does no damage.
You barely miss the adder.
The adder is moderately wounded.
The adder seems less confused.
The adder barely misses you. The adder closely misses you.
You barely miss the adder.
The adder is moderately wounded.
The adder bites you.
* * * LOW HITPOINT WARNING * * *
You are lethally poisoned!
The adder poisons you!
You die...

...##........................#
.####.........##..#....†...#.#
.# #)##...##.#...#..#.......#
.. ...##)..##.............#.##
#########.#####.....###..##.#
#.# ###........##.##### #.##
####............... #..##
#.......##.#..#.##.
##...###.@.....##>#.......
##.#.#.##.......##.#....##.
#....##.#S.S....##.#.##.#
##.###.##.......##......##.
#..#.###.......####.......
#.#.## #.<.....# #.#.###.
#.### ######### #.......
#.########## ###.####
#.##.......##########.#


You could see 2 adders.

Vanquished Creatures
  An ooze (D:1)
  2 bats (D:1)
  6 goblins (D:1)
  4 hobgoblins
  A ball python (D:2)
  A giant gecko (D:2)
  2 giant newts
  5 kobolds
  5 rats
  A bush (D:1)
  A plant (D:1)
29 creatures vanquished.

Notes
Turn   | Place    | Note
--------------------------------------------------------------
     0 | D:1      | Fusha, the Merfolk Skald, began the quest for the Orb.
     0 | D:1      | Reached XP level 1. HP: 16/16 MP: 3/3
   206 | D:1      | Reached XP level 2. HP: 20/22 MP: 4/4
   232 | D:1      | Learned a level 2 spell: Song of Slaying
  1123 | D:2      | Reached skill level 4 in Charms
  1123 | D:2      | Reached XP level 3. HP: 24/28 MP: 6/6
  1258 | D:2      | HP: 1/28 [adder (2)]
  1259 | D:2      | Succumbed to an adder's poison

Action                   || total
-------------------------++-------
Melee: Falchion          ||   253
Evoke: Wand              ||     9
  Use: Potion            ||     1
 Stab: Confused          ||     1
  Eat: Beef jerky        ||     1
